BSA
NEW ORLEANS LOOTERS @ JERSEY SHORE D-BAGS
06/09/2030
 
TOP OF THE 1ST
New Orleans Looters batting - Pitching for Jersey Shore D-Bags : RHP Tom Cunningham
Pitching: RHP Tom Cunningham
Batting: LHB Miguel Colón 0-0: Fly out, F9 (Line Drive, 9D)
Batting: LHB Eduardo Rodríguez 0-0: Called Strike
0-1: Foul Ball, location: 2F
0-2: Hit by Pitch
Batting: SHB Arturo Sánchez 0-0: Called Strike
0-1: SINGLE (Line Drive, 9LS)
Eduardo Rodríguez to second
Runner from 2nd tries for 3rd, SAFE, no throw
Batting: LHB John Hudson 0-0: Ball
Arturo Sánchez steals 2nd base
1-0: Called Strike
1-1: Ball
2-1: Foul Ball, location: 2F
2-2: Ball
Wild Pitch!
Eduardo Rodríguez scores
Arturo Sánchez to third
3-2: SINGLE (Line Drive, 7S)
Arturo Sánchez scores
Batting: SHB Oliver Deleón 0-0: Ball
John Hudson steals 2nd base
1-0: Ball
2-0: Called Strike
2-1: Ball
3-1: Called Strike
3-2: Foul Ball, location: 2F
3-2: Base on Balls
Batting: RHB Ramón Hernández 0-0: Ball
1-0: Ball
2-0: Called Strike
2-1: Foul Ball, location: 2F
2-2: Ball
3-2: Fly out, F7 (Flyball, 78D)
Batting: RHB Greg Handrahan 0-0: Ball
1-0: Foul Ball, location: 2F
1-1: Ball
2-1: Ball
3-1: Foul Ball, location: 2F
3-2: Base on Balls
John Hudson to third
Oliver Deleón to second
Batting: RHB Tim Gardner 0-0: Called Strike
0-1: Ball
1-1: Ball
2-1: Fly out, F7 (Flyball, 7S)
Top of the 1st over - 2 runs, 2 hits, 0 errors, 3 left on base; New Orleans 2 - Jersey Shore 0
BOTTOM OF THE 1ST
Jersey Shore D-Bags batting - Pitching for New Orleans Looters : LHP Holden Clark
Pitching: LHP Holden Clark
Batting: RHB Ricardo González 0-0: Called Strike
0-1: Foul Ball, location: 2F
0-2: Ball
1-2: Foul Ball, location: 2F
1-2: Foul Ball, location: 2F
1-2: Ground out 6-3 (Groundball, 6)
Batting: RHB Miguel Serna 0-0: Ball
1-0: Ball
2-0: Swinging Strike
2-1: Ball
3-1: Foul Ball, location: 2F
3-2: Reached via error on a dropped throw, E3
Batting: LHB Dave Dodd 0-0: Ball
1-0: Foul Ball, location: 2F
1-1: Called Strike
1-2: Strikes out swinging
Batting: RHB Francisco Sandoval 0-0: Swinging Strike
0-1: Swinging Strike
0-2: Foul Ball, location: 2F
0-2: Ball
1-2: Ball
2-2: 2-RUN HOME RUN (Flyball, 7LD), Distance : 356 ft
Batting: LHB Ray Bryant 0-0: Ball
1-0: Ball
2-0: Foul Ball, location: 2F
2-1: Foul Ball, location: 2F
2-2: TRIPLE (Line Drive, 9LD)
Batting: LHB António Cedeño 0-0: Ball
1-0: Swinging Strike
1-1: Ball
2-1: Ground out 6-3 (Groundball, 6)
Bottom of the 1st over - 2 runs, 2 hits, 1 error, 1 left on base; New Orleans 2 - Jersey Shore 2
TOP OF THE 2ND
New Orleans Looters batting - Pitching for Jersey Shore D-Bags : RHP Tom Cunningham
Batting: RHB Kolomon Meise 0-0: Ball
1-0: Swinging Strike
1-1: Ball
2-1: Foul Ball, location: 2F
2-2: Strikes out swinging
Batting: LHB Miguel Colón 0-0: Ball
1-0: Swinging Strike
1-1: Ball
2-1: Foul Ball, location: 2F
2-2: Foul Ball, location: 2F
2-2: SINGLE (Groundball, 4MD)
Batting: LHB Eduardo Rodríguez 0-0: Ball
Throwing error on steal attempt, E2
Miguel Colón to third
1-0: SINGLE (Line Drive, 34)
Miguel Colón scores
Batting: SHB Arturo Sánchez 0-0: Swinging Strike
0-1: Ball
1-1: Swinging Strike
1-2: SINGLE (Groundball, 3L) (infield hit)
Eduardo Rodríguez to second
Batting: LHB John Hudson 0-0: Ball
1-0: Foul Ball, location: 2F
1-1: Ball
2-1: Foul Ball, location: 2F
2-2: Strikes out looking
Batting: SHB Oliver Deleón 0-0: Ball
1-0: Ground out 1-3 (Groundball, 13)
Top of the 2nd over - 1 run, 3 hits, 1 error, 2 left on base; New Orleans 3 - Jersey Shore 2
BOTTOM OF THE 2ND
Jersey Shore D-Bags batting - Pitching for New Orleans Looters : LHP Holden Clark
Batting: LHB José Delgado 0-0: Ground out 4-3 (Groundball, 34D)
Batting: LHB Ed Murray 0-0: Ball
1-0: Ball
2-0: Ground out 4-3 (Groundball, 4)
Batting: RHB Jason Erickson 0-0: Foul Ball, location: 2F
0-1: Ball
1-1: Ground out 1-3 (Groundball, 13S)
Bottom of the 2nd over - 0 runs, 0 hits, 0 errors, 0 left on base; New Orleans 3 - Jersey Shore 2
TOP OF THE 3RD
New Orleans Looters batting - Pitching for Jersey Shore D-Bags : RHP Tom Cunningham
Batting: RHB Ramón Hernández 0-0: Foul Ball, location: 2F
0-1: Called Strike
0-2: Ball
1-2: Ground out 6-3 (Groundball, 6)
Batting: RHB Greg Handrahan 0-0: Ball
1-0: Foul Ball, location: 2F
1-1: Called Strike
1-2: Ball
2-2: Foul Ball, location: 2F
2-2: Foul Ball, location: 2F
2-2: Strikes out swinging
Batting: RHB Tim Gardner 0-0: Fly out, F3 (Popup, 34S)
Top of the 3rd over - 0 runs, 0 hits, 0 errors, 0 left on base; New Orleans 3 - Jersey Shore 2
BOTTOM OF THE 3RD
Jersey Shore D-Bags batting - Pitching for New Orleans Looters : LHP Holden Clark
Batting: RHB Ricardo González 0-0: Called Strike
0-1: Called Strike
0-2: Ball
1-2: Foul Ball, location: 2F
1-2: Foul Ball, location: 2F
1-2: Foul Ball, location: 2F
1-2: Ball
2-2: Ball
3-2: Foul Ball, location: 2F
3-2: SOLO HOME RUN (Flyball, 7LD), Distance : 352 ft
Batting: RHB Miguel Serna 0-0: Called Strike
0-1: Foul Ball, location: 2F
0-2: Ball
1-2: Ground out 4-3 (Groundball, 4)
Batting: LHB Dave Dodd 0-0: SINGLE (Groundball, 6MD)
Batting: RHB Francisco Sandoval 0-0: Ball
1-0: Ball
2-0: SINGLE (Line Drive, 8RS)
Dave Dodd to second
Runner from 2nd tries for 3rd, SAFE, no throw
Batting: LHB Ray Bryant 0-0: Ball
1-0: Ball
2-0: Called Strike
2-1: Swinging Strike
2-2: Ball
3-2: SINGLE (Line Drive, 9LS)
Dave Dodd scores
Francisco Sandoval to second
Francisco Sandoval to third
Batting: LHB António Cedeño 0-0: Foul Ball, location: 2F
0-1: Foul Ball, location: 2F
0-2: Strikes out swinging
Batting: LHB José Delgado 0-0: Called Strike
0-1: Ball
1-1: Ball
2-1: Swinging Strike
2-2: Foul Ball, location: 2F
2-2: Ball
3-2: Foul Ball, location: 2F
3-2: Base on Balls
Ray Bryant to second
Batting: LHB Ed Murray 0-0: Swinging Strike
0-1: Ball
1-1: Ball
2-1: Called Strike
2-2: Ground out U3 (Groundball, 34)
Bottom of the 3rd over - 2 runs, 4 hits, 0 errors, 3 left on base; New Orleans 3 - Jersey Shore 4
TOP OF THE 4TH
New Orleans Looters batting - Pitching for Jersey Shore D-Bags : RHP Tom Cunningham
Batting: RHB Kolomon Meise 0-0: Called Strike
0-1: Called Strike
0-2: Strikes out looking
Batting: LHB Miguel Colón 0-0: Ball
1-0: Fly out, F7 (Flyball, 78M)
Batting: LHB Eduardo Rodríguez 0-0: Ball
1-0: Called Strike
1-1: Swinging Strike
1-2: Ball
2-2: Ball
3-2: Ground out 4-3 (Groundball, 4MS)
Top of the 4th over - 0 runs, 0 hits, 0 errors, 0 left on base; New Orleans 3 - Jersey Shore 4
BOTTOM OF THE 4TH
Jersey Shore D-Bags batting - Pitching for New Orleans Looters : LHP Holden Clark
Batting: RHB Jason Erickson 0-0: Ball
1-0: Ball
2-0: Ground out 5-3 (Groundball, 25)
Batting: RHB Ricardo González 0-0: Ball
1-0: Ball
2-0: Swinging Strike
2-1: SINGLE (Groundball, 56D)
Pitching: RHP Jason MacKnight
Batting: RHB Miguel Serna 0-0: Swinging Strike
0-1: Ball
1-1: Ball
2-1: Fielders Choice at 2nd, 4-6 (Groundball, 4M)
Batting: LHB Dave Dodd 0-0: Ball
1-0: Ball
2-0: Called Strike
2-1: DOUBLE (Line Drive, 78S)
Miguel Serna to third
Runner from 3rd tries for Home, SAFE, no throw
Batting: RHB Francisco Sandoval 0-0: Ball
1-0: Fly out, F9 (Flyball, 9S)
Bottom of the 4th over - 1 run, 2 hits, 0 errors, 1 left on base; New Orleans 3 - Jersey Shore 5
TOP OF THE 5TH
New Orleans Looters batting - Pitching for Jersey Shore D-Bags : RHP Tom Cunningham
Pitching: RHP Howard Joyce
Batting: SHB Arturo Sánchez 0-0: Foul Ball, location: 2F
0-1: Ball
1-1: Fly out, F9 (Line Drive, 9)
Batting: LHB John Hudson 0-0: Ball
1-0: Ball
2-0: SINGLE (Groundball, 34D)
Batting: SHB Oliver Deleón 0-0: Called Strike
0-1: Called Strike
0-2: Ball
1-2: DOUBLE (Line Drive, 7LM)
John Hudson to third
Runner from 3rd tries for Home, SAFE, no throw
Batting: RHB Ramón Hernández 0-0: Called Strike
0-1: Ball
1-1: Ball
2-1: Swinging Strike
2-2: Ball
3-2: Fly out, F3 (Line Drive, 3)
Batting: RHB Greg Handrahan 0-0: Called Strike
0-1: Called Strike
0-2: Ball
1-2: Strikes out swinging
Top of the 5th over - 1 run, 2 hits, 0 errors, 1 left on base; New Orleans 4 - Jersey Shore 5
BOTTOM OF THE 5TH
Jersey Shore D-Bags batting - Pitching for New Orleans Looters : RHP Jason MacKnight
Batting: LHB Ray Bryant 0-0: Foul Ball, location: 2F
0-1: Ball
1-1: SINGLE (Flyball, 9LS)
Batting: LHB António Cedeño 0-0: Called Strike
0-1: Ball
1-1: Ball
Ray Bryant is caught stealing 2nd base
2-1: Swinging Strike
2-2: Strikes out looking
Batting: LHB José Delgado 0-0: SINGLE (Line Drive, 8LS)
Batting: LHB Ed Murray 0-0: Ball
1-0: Ball
2-0: SINGLE (Groundball, 3S) (infield hit)
José Delgado to second
Batting: RHB Jason Erickson 0-0: Called Strike
0-1: Ball
1-1: Foul Ball, location: 2F
1-2: Ball
2-2: Ball
3-2: DOUBLE (Line Drive, 8LD)
José Delgado scores
Ed Murray to third
Ed Murray scores
Batting: RHB Ricardo González 0-0: Called Strike
0-1: Ball
1-1: Foul Ball, location: 2F
1-2: Ball
2-2: Ball
3-2: Ground out 3-1 (Groundball, 34S)
Bottom of the 5th over - 2 runs, 4 hits, 0 errors, 1 left on base; New Orleans 4 - Jersey Shore 7
TOP OF THE 6TH
New Orleans Looters batting - Pitching for Jersey Shore D-Bags : RHP Howard Joyce
Batting: RHB Tim Gardner 0-0: Called Strike
0-1: Called Strike
0-2: Foul Ball, location: 2F
0-2: Ground out 6-3 (Groundball, 6)
Batting: RHB Kolomon Meise 0-0: Ball
1-0: Ball
2-0: Ball
3-0: Ground out 6-3 (Groundball, 6)
Batting: LHB Miguel Colón 0-0: Called Strike
0-1: Ground out 6-3 (Groundball, 6)
Top of the 6th over - 0 runs, 0 hits, 0 errors, 0 left on base; New Orleans 4 - Jersey Shore 7
BOTTOM OF THE 6TH
Jersey Shore D-Bags batting - Pitching for New Orleans Looters : RHP Jason MacKnight
Pitching: RHP Ienobu Sato
Batting: RHB Miguel Serna 0-0: Ball
1-0: Called Strike
1-1: Called Strike
1-2: Strikes out looking
Batting: LHB Dave Dodd 0-0: Ball
1-0: Called Strike
1-1: Ball
2-1: Called Strike
2-2: Ball
3-2: Ground out 4-3 (Groundball, 4)
Batting: RHB Francisco Sandoval 0-0: Ball
1-0: Ball
2-0: Called Strike
2-1: Ball
3-1: Ground out 4-3 (Groundball, 4)
Bottom of the 6th over - 0 runs, 0 hits, 0 errors, 0 left on base; New Orleans 4 - Jersey Shore 7
TOP OF THE 7TH
New Orleans Looters batting - Pitching for Jersey Shore D-Bags : RHP Howard Joyce
Batting: LHB Eduardo Rodríguez 0-0: Swinging Strike
0-1: Foul Ball, location: 2F
0-2: Fly out, F9 (Flyball, 89D)
Batting: SHB Arturo Sánchez 0-0: Ball
1-0: Called Strike
1-1: Foul Ball, location: 2F
1-2: Ground out 5-3 (Groundball, 56)
Batting: LHB John Hudson 0-0: Ball
1-0: Ball
2-0: Foul Ball, location: 2F
2-1: Foul Ball, location: 2F
2-2: Ground out 5-3 (Groundball, 56S)
Top of the 7th over - 0 runs, 0 hits, 0 errors, 0 left on base; New Orleans 4 - Jersey Shore 7
BOTTOM OF THE 7TH
Jersey Shore D-Bags batting - Pitching for New Orleans Looters : RHP Ienobu Sato
Batting: LHB Ray Bryant 0-0: Swinging Strike
0-1: SOLO HOME RUN (Line Drive, 9D), Distance : 379 ft
Batting: LHB António Cedeño 0-0: Foul Ball, location: 2F
0-1: SINGLE (Groundball, 34D)
Batting: LHB José Delgado 0-0: Ball
1-0: Foul Ball, location: 2F
1-1: Fielders Choice at 2nd, 4-6 (Groundball, 34)
Batting: LHB Ed Murray 0-0: Foul Ball, location: 2F
0-1: Foul Ball, location: 2F
0-2: Strikes out looking
Batting: RHB Jason Erickson 0-0: Called Strike
0-1: Foul Ball, location: 2F
0-2: Fly out, F6 (Line Drive, 56)
Bottom of the 7th over - 1 run, 2 hits, 0 errors, 1 left on base; New Orleans 4 - Jersey Shore 8
TOP OF THE 8TH
New Orleans Looters batting - Pitching for Jersey Shore D-Bags : RHP Howard Joyce
Pitching: RHP Barry Garner
Batting: SHB Oliver Deleón 0-0: Called Strike
0-1: Ball
1-1: Ball
2-1: Ball
3-1: Swinging Strike
3-2: Foul Ball, location: 2F
3-2: Base on Balls
Batting: RHB Ramón Hernández 0-0: Ball
1-0: Ball
2-0: Ball
3-0: Base on Balls
Oliver Deleón to second
Batting: RHB Greg Handrahan 0-0: Ball
1-0: Foul Ball, location: 2F
1-1: Called Strike
1-2: Foul Ball, location: 2F
1-2: Ball
2-2: Reached on error, E6 (Groundball, 6)
Oliver Deleón to third
Ramón Hernández to second
Batting: RHB Tim Gardner 0-0: Ball
1-0: Foul Ball, location: 2F
1-1: Ball
2-1: Called Strike
2-2: Ball
3-2: Foul Ball, location: 2F
3-2: Base on Balls
Oliver Deleón scores
Ramón Hernández to third
Greg Handrahan to second
Batting: RHB Kolomon Meise 0-0: Called Strike
0-1: Swinging Strike
0-2: Ball
1-2: Ball
2-2: Ball
3-2: Foul Ball, location: 2F
3-2: Base on Balls
Ramón Hernández scores
Greg Handrahan to third
Tim Gardner to second
Pitching: RHP José Ramos
Batting: LHB Miguel Colón 0-0: Ball
1-0: Ball
2-0: Ball
3-0: Called Strike
3-1: SINGLE (Groundball, 34)
Greg Handrahan scores
Tim Gardner to third
Kolomon Meise to second
Runner from 3rd tries for Home, SAFE, no throw
Pitching: LHP Hyo-chin Kim
Batting: LHB Eduardo Rodríguez 0-0: Ball
1-0: Bunted foul
1-1: Sac Bunt - play at first, batter OUT! 3-4
Kolomon Meise to third
Miguel Colón to second
Batting: SHB Arturo Sánchez 0-0: Intentional Walk
Pinch Hitting: RHB Dave O'Loan 0-0: Ball
1-0: Ball
2-0: Ball
3-0: Base on Balls
Kolomon Meise scores
Miguel Colón to third
Arturo Sánchez to second
Pitching: LHP Aaron Gibbs
Batting: SHB Oliver Deleón 0-0: Foul Ball, location: 2F
0-1: Called Strike
0-2: Ball
1-2: SINGLE (Flyball, 34D)
Miguel Colón scores
Arturo Sánchez to third
Dave O'Loan to second
Batting: RHB Ramón Hernández 0-0: Ball
1-0: SINGLE (Groundball, 56D)
Arturo Sánchez scores
Dave O'Loan to third
Oliver Deleón to second
Batting: RHB Greg Handrahan 0-0: SINGLE (Flyball, 7LM)
Dave O'Loan scores
Oliver Deleón to third
Ramón Hernández to second
Batting: RHB Tim Gardner 0-0: Called Strike
0-1: Grounds into fielders choice 5-2 (Groundball, 56)
Ramón Hernández to third
Greg Handrahan to second
Batting: RHB Kolomon Meise 0-0: Called Strike
0-1: Ball
1-1: Swinging Strike
1-2: Strikes out swinging
Top of the 8th over - 8 runs, 4 hits, 1 error, 3 left on base; New Orleans 12 - Jersey Shore 8
BOTTOM OF THE 8TH
Jersey Shore D-Bags batting - Pitching for New Orleans Looters : RHP Ienobu Sato
Now in RF: Dan Banks
Batting: RHB Ricardo González 0-0: Called Strike
0-1: SINGLE (Flyball, 7LS)
Batting: RHB Miguel Serna 0-0: Swinging Strike
0-1: DOUBLE (Flyball, 89D)
Ricardo González to third
Batting: LHB Dave Dodd 0-0: Ball
1-0: Ball
2-0: Fly out, F8 (Flyball, 8LXD)
Runner from 3rd tags up, SCORES, no throw
Miguel Serna to third
Pitching: LHP Dan Rogers
Batting: RHB Francisco Sandoval 0-0: Called Strike
0-1: Foul Ball, location: 2F
0-2: Ball
1-2: Foul Ball, location: 2F
1-2: Ground out 5-3 (Groundball, 56S)
Miguel Serna scores
Batting: LHB Ray Bryant 0-0: Ball
1-0: Called Strike
1-1: Swinging Strike
1-2: Ball
2-2: Ball
3-2: Foul Ball, location: 2F
3-2: Foul Ball, location: 2F
3-2: Foul Ball, location: 2F
3-2: Base on Balls
Batting: LHB António Cedeño 0-0: Ball
1-0: Called Strike
1-1: Foul Ball, location: 2F
1-2: Ball
2-2: Ball
3-2: Ground out 3-1 (Groundball, 34)
Bottom of the 8th over - 2 runs, 2 hits, 0 errors, 1 left on base; New Orleans 12 - Jersey Shore 10
TOP OF THE 9TH
New Orleans Looters batting - Pitching for Jersey Shore D-Bags : LHP Aaron Gibbs
Batting: LHB Miguel Colón 0-0: Called Strike
0-1: Ball
1-1: Ball
2-1: Foul Ball, location: 2F
2-2: Ball
3-2: Foul Ball, location: 2F
3-2: Foul Ball, location: 2F
3-2: Foul Ball, location: 2F
3-2: SINGLE (Groundball, 5D)
Batting: LHB Eduardo Rodríguez 0-0: Sac Bunt - play at first, batter OUT! 3-4
Miguel Colón to second
Batting: SHB Arturo Sánchez 0-0: Called Strike
Miguel Colón steals 3rd base
0-1: Fly out, F8 (Flyball, 8RS)
Runner from 3rd tags up, SCORES, no throw
Batting: RHB Dan Banks 0-0: Swinging Strike
0-1: Foul Ball, location: 2F
0-2: Ball
1-2: Ball
2-2: Foul Ball, location: 2F
2-2: Foul Ball, location: 2F
2-2: Strikes out swinging
Top of the 9th over - 1 run, 1 hit, 0 errors, 0 left on base; New Orleans 13 - Jersey Shore 10
BOTTOM OF THE 9TH
Jersey Shore D-Bags batting - Pitching for New Orleans Looters : LHP Dan Rogers
Pitching: LHP Juan Méndez
Batting: LHB José Delgado 0-0: Called Strike
0-1: Swinging Strike
0-2: Strikes out swinging
Batting: LHB Ed Murray 0-0: Called Strike
0-1: Ball
1-1: Swinging Strike
1-2: Ball
2-2: Foul Ball, location: 2F
2-2: Ground out 4-3 (Groundball, 4)
Batting: RHB Jason Erickson 0-0: Called Strike
0-1: Ball
1-1: DOUBLE (Flyball, 89D)
Batting: RHB Ricardo González 0-0: Ball
1-0: Foul Ball, location: 2F
1-1: Ball
2-1: Foul Ball, location: 2F
2-2: DOUBLE (Line Drive, 78XD)
Jason Erickson scores
Batting: RHB Miguel Serna 0-0: Ball
1-0: Called Strike
1-1: Called Strike
1-2: Strikes out swinging
Bottom of the 9th over - 1 run, 2 hits, 0 errors, 1 left on base; New Orleans 13 - Jersey Shore 11
Saturday, April 7th, 2018 - OOTP Baseball 18.8 Build 76